Map: Ley Lines

Players

Weeby - Winner!

  • Race: Protoss Protoss
  • League: Platinum
  • Spawn Location: 7:00

SubN

  • Race: Zerg Zerg
  • League: Diamond
  • Spawn Location: 1:00

VOD

Have the link to the VOD?

Description

Time

  • Played on: July 30, 2025, 10:14 p.m.
  • Length: 9:00
Show
View Real Time Build Order
Export as new Build Order

Weeby Protoss - Winner!

Build Orders: 1 Gate Expand 

Get SALT Encoding   

  12  0:00  Probe  
  13  0:12  Probe  
  14  0:19  Pylon  
  14  0:24  Probe  
  15  0:35  Probe  
  15  0:39  Gateway  
  16  0:43  Probe  
  16  0:48  Assimilator  
  17  0:51  Probe  
  18  1:04  Probe  
  19  1:16  Probe  
  20  1:27  Cybernetics Core  
  20  1:36  Probe  
  21  1:43  Nexus  
  21  1:48  Probe  
  22  2:00  Pylon  
  22  2:01  Assimilator  
  22  2:03  Warp Gate  
  22  2:15  Stalker  
  22  2:19  Gateway  
  24  2:25  Probe  
  25  2:33  Robotics Facility  
  25  2:37  Probe  
  26  2:48  Stalker  
  26  2:49  Probe  
  29  2:55  Probe  
  30  2:59  Probe  
  30  3:03  Probe  
  31  3:07  Probe  
  31  3:11  Probe  
  33  3:13  Gateway  
  33  3:16  Sentry  
  33  3:19  Probe  
  36  3:22  Observer  
  36  3:25  Probe  
  38  3:31  Probe  
  40  3:46  Probe x2  
  42  3:50  Observer  
  43  3:59  Probe x2  
  45  4:05  Pylon  
  45  4:06  Pylon  
  45  4:09  Pylon  
  45  4:13  Gateway  
  45  4:25  Shield Battery, Stalker x2  
  48  4:34  Probe x2  
  48  4:37  Stalker, Assimilator  
  52  4:39  Immortal  
  52  4:42  Assimilator  
  52  4:44  Twilight Council  
  56  4:48  Forge  
  56  4:50  Probe x2  
  56  4:51  Stalker  
  60  5:09  Stalker x2  
  60  5:11  Probe x2  
  66  5:20  Stalker  
  68  5:23  Protoss Ground Weapons Level 1, Probe x2  
  70  5:38  Pylon  
  70  5:47  Nexus  
  70  5:49  Pylon  
  70  5:53  Blink  
  70  5:56  Immortal, Probe x2  
  76  6:00  Pylon  
  76  6:01  Sentry  
  76  6:03  Pylon  
  78  6:08  Probe x2  
  80  6:20  Probe  
  81  6:31  Gateway  
  81  6:32  Gateway  
  81  6:35  Gateway  
  81  6:46  Robotics Bay  
  81  6:49  Pylon  
  81  6:52  Stalker x3  
  85  7:11  Warp Prism  
  84  7:17  Stalker  
  84  7:18  Stalker x3  
  84  7:20  Probe x3  
  97  7:45  Zealot x5  
  107  7:51  Gateway  
  107  7:53  Gateway  
  83  8:13  Stalker x2  
  83  8:14  Stalker x5  
  93  8:29  Probe x3  
  96  8:35  Templar Archives  
  96  8:37  Zealot x2  
  101  8:41  Probe x3  
  100  8:57  Zealot x3  
  100  8:58  Zealot x5  
Show
View Real Time Build Order
Export as new Build Order

SubN Zerg 

Build Orders: Hatch First 

Get SALT Encoding   

  12  0:00  Drone  
  13  0:12  Overlord  
  13  0:26  Drone  
  14  0:31  Drone x2  
  16  0:47  Hatchery  
  15  0:53  Drone  
  15  0:54  Drone  
  17  0:58  Drone  
  17  1:02  Extractor  
  17  1:14  Spawning Pool  
  16  1:26  Drone  
  16  1:29  Drone  
  18  1:54  Drone  
  19  2:02  Zergling x6  
  19  2:04  Queen x2  
  19  2:06  Zergling x2  
  27  2:09  Metabolic Boost  
  27  2:15  Overlord  
  27  2:21  Drone  
  28  2:29  Overlord  
  28  2:33  Drone x2  
  30  2:43  Drone x2  
  31  3:00  Drone x3  
  34  3:11  Hatchery, Queen  
  35  3:20  Pneumatized Carapace  
  35  3:23  Drone x2  
  35  3:25  Drone  
  35  3:26  Drone  
  39  3:41  Overlord x2  
  39  3:47  Spore Crawler  
  38  3:49  Spore Crawler  
  37  3:57  Overlord  
  37  4:01  Overlord, Spore Crawler  
  36  4:03  Lair  
  36  4:05  Drone x2  
  36  4:06  Drone  
  36  4:09  Drone  
  40  4:10  Extractor  
  40  4:11  Drone  
  40  4:13  Drone  
  41  4:32  Drone x6  
  41  4:35  Extractor  
  41  4:36  Extractor  
  45  4:41  Drone x3  
  45  4:42  Baneling Nest  
  45  4:45  Queen  
  48  5:03  Zergling x18  
  57  5:15  Drone x3  
  60  5:26  Centrifugal Hooks  
  60  5:28  Overlord  
  60  5:30  Overlord  
  60  5:32  Overlord  
  60  5:37  Zergling x2  
  61  5:43  Drone x3  
  64  5:50  Evolution Chamber  
  64  5:51  Evolution Chamber, Infestation Pit  
  64  5:55  Drone x2, Hydralisk Den  
  63  6:04  Zergling x12  
  63  6:05  Zergling x8  
  63  6:09  Zergling x2  
  73  6:23  Drone x2  
  73  6:24  Drone  
  73  6:25  Overseer  
  76  6:30  Zergling x2  
  77  6:37  Grooved Spines  
  77  6:51  Overseer  
  62  7:11  Hydralisk  
  62  7:12  Hydralisk x14  
  87  7:26  Zergling x2  
  87  7:27  Zergling x2  
  87  7:28  Muscular Augments  
  87  7:29  Overlord x2  
  89  7:44  Overlord x2  
  89  7:49  Zergling x10  
  85  8:02  Zergling x14  
  85  8:03  Zergling x2  
  69  8:14  Zergling x10  
  70  8:26  Hydralisk x4, Zergling x2  
Tags
 
Add a new tag
Caveats
  • Supply blocks, unpowered buildings, or Contaminate may cause inaccurate times.
  • Supply counts are checked every 10 seconds.